 Dungeon Crawl Stone Soup version 0.21.1-1-g345015fe64 (webtiles) character file.

640 HessuHobo the Digger (level 7, 0/36 HPs)
             Began as a Gargoyle Earth Elementalist on May 26, 2018.
             Slain by a killer bee (3 damage)
             ... on level 4 of the Dungeon.
             The game lasted 00:19:03 (5298 turns).

HessuHobo the Digger (Gargoyle Earth Elementalist)  Turns: 5298, Time: 00:19:03

Health: 0/36       AC:  7    Str:  9 (11) XL:     7   Next: 51%
Magic:  3/14       EV: 12    Int: 17 (18) God:
Gold:   218        SH:  0    Dex:  9 (10) Spells: 11/15 levels left

rFire    + . .     SeeInvis .   i - +1 dagger (venom)
rCold    . . .     Gourm    .   (no shield)
rNeg     + . .     Faith    .   c - +0 robe
rPois    ∞         Spirit   .   (no helmet)
rElec    +         Reflect  .   g - +0 cloak
rCorr    .         Harm     .   (no gloves)
MR       .....                  (no boots)
Stlth    ++........             (no amulet)
HPRegen  0.12/turn              j - ring of protection from fire
MPRegen  0.14/turn              (no ring)

@: no status effects
A: negative energy resistance 1, electricity resistance, unbreathing,
petrification resistance, rot immunity, AC +4
a: no special abilities


You were on level 4 of the Dungeon.
You were very hungry.

You visited 1 branch of the dungeon, and saw 5 of its levels.

You collected 218 gold pieces.

Inventory:

Hand Weapons
 i - a +1 dagger of venom (weapon)
 q - a +0 club
 t - a +0 dagger of freezing
Missiles
 b - a stone (quivered)
 k - 44 sling bullets
Armour
 c - a +0 robe (worn)
 g - a +0 cloak (worn)
 p - a +4 ring mail of poison resistance
Jewellery
 j - a ring of protection from fire (left hand)
 m - an uncursed ring of stealth {unknown}
 n - an uncursed ring of protection from cold {unknown}
Wands
 o - a wand of polymorph (3)
Scrolls
 f - a scroll of immolation {unknown}
 h - a scroll of random uselessness {unknown}
 l - 4 scrolls of remove curse
 r - a scroll of magic mapping {unknown}
 u - a scroll of identify
Potions
 a - a potion of resistance {unknown}
Books
 e - a book of Geomancy

   Spells                             Type                      Level
   a - Sandblast                      Earth                        1
   b - Passwall                       Transmutation/Earth          2
   c - Stone Arrow                    Conjuration/Earth            3
   d - Petrify                        Transmutation/Earth          4
   e - Lee's Rapid Deconstruction     Earth                        5
Comestibles
 d - 8 rations


   Skills:
 - Level 1.5 Dodging
 - Level 2.1 Stealth
 + Level 4.9 Spellcasting
 + Level 3.6 Conjurations
   Level 0.7 Transmutations
 + Level 7.0 Earth Magic


You had 11 spell levels left.
You knew the following spells:

 Your Spells              Type           Power        Failure   Level  Hunger
a - Sandblast             Erth           ####..       1%          1    None
b - Stone Arrow           Conj/Erth      ###...       4%          3    ###....


Dungeon Overview and Level Annotations

Branches:
Dungeon (5/15)
 Temple: D:4-7

Altars:
Cheibriados
Fedhas


Innate Abilities, Weirdness & Mutations

You are resistant to torment.
Your stone body is resilient. (AC +4)
You are immune to poison.
You resist negative energy. (rN+)
You are resistant to electric shocks. (rElec)
You can survive without breathing.
You are immune to petrification.
You are immune to rotting.


Message History

The killer bee is lightly wounded.
The killer bee stings you.
You closely miss the killer bee. The killer bee completely misses you.
The killer bee stings you.
* * * LOW HITPOINT WARNING * * *
The killer bee stings you.
* * * LOW HITPOINT WARNING * * *
You hit the killer bee but do no damage.
The killer bee is poisoned.
The killer bee stings you.
* * * LOW HITPOINT WARNING * * *
The killer bee closely misses you.
The killer bee stings you but does no damage.
The killer bee stings you.
* * * LOW HITPOINT WARNING * * *
You barely miss the killer bee.
The killer bee is lightly wounded.
The killer bee misses you.
The killer bee stings you but does no damage.
The killer bee misses you. The killer bee stings you.
You die...

.####.........#.# .#
##.#######.## .# #.#
#.# .# #.# #.#
.#####.# #.# .......#
#.# .####### #.# ##
#.###
##############÷y@#
...............#y#
####........##..y#
#.######.##..########
#.# #.##.........#
####.#
#.###.######.##
.....# #.# #.# #..#
###### #.#
#.#######.# #.#
#.........#


You could see 3 killer bees.

Vanquished Creatures
  An ice beast (D:3)
  A scorpion (D:4)
  A killer bee (D:5)
  2 orc priests
  An iguana (D:4)
  3 orc wizards (D:3)
  Ijyb (D:3)
  A worker ant (D:1)
  4 gnolls (D:3)
  10 adders
  An ooze (D:3)
  2 worms
  6 dart slugs
  A leopard gecko (D:2)
  5 orcs
  3 ball pythons
  7 bats
  6 giant cockroaches
  8 goblins
  10 hobgoblins
  12 frilled lizards
  8 kobolds
  2 quokka skeletons (D:4)
  5 rats
101 creatures vanquished.

Notes
Turn   | Place    | Note
-------+----------+-------------------------------------------
     0 | D:1      | HessuHobo the Gargoyle Earth Elementalist began the quest for the Orb.
     0 | D:1      | Reached XP level 1. HP: 10/10 MP: 3/3
   450 | D:1      | Reached skill level 4 in Earth Magic
   450 | D:1      | Reached XP level 2. HP: 15/15 MP: 0/5
   766 | D:1      | Reached XP level 3. HP: 19/19 MP: 4/6
  1261 | D:1      | Reached XP level 4. HP: 20/24 MP: 0/8
  1334 | D:2      | Reached skill level 5 in Earth Magic
  1755 | D:2      | Reached XP level 5. HP: 24/28 MP: 5/10
  1887 | D:2      | Learned a level 3 spell: Stone Arrow
  2043 | D:3      | Noticed Ijyb
  2168 | D:3      | Killed Ijyb
  2448 | D:3      | Reached skill level 1 in Conjurations
  2919 | D:2      | Reached XP level 6. HP: 12/32 MP: 1/12
  3231 | D:3      | Reached skill level 6 in Earth Magic
  4181 | D:4      | Noticed an ice beast
  4271 | D:3      | Killed an ice beast
  4271 | D:3      | Reached XP level 7. HP: 27/36 MP: 0/13
  4573 | D:4      | Found a snail-covered altar of Cheibriados.
  4612 | D:4      | Found a blossoming altar of Fedhas.
  5288 | D:5      | Entered Level 5 of the Dungeon
  5291 | D:5      | Reached skill level 7 in Earth Magic
  5298 | D:4      | Slain by a killer bee

Skill      XL: |  1  2  3  4  5  6  7 |
---------------+----------------------+-----
Earth Magic    | 4 5 6 7 |  7.0
Spellcasting   | 3 4 |  4.9
Conjurations   | 1 3 |  3.6
Dodging        | |  1.5
Stealth        | |  2.1
Transmutations | |  0.7

Action                   |  1- 3 |  4- 6 |  7- 9 || total
-------------------------+-------+-------+-------++-------
Melee: Unarmed           |    24 |       |       ||    24
       Dagger            |    18 |   145 |    21 ||   184
       Club              |       |    26 |       ||    26
 Cast: Sandblast         |    50 |    10 |       ||    60
       Stone Arrow       |       |    34 |    20 ||    54
  Use: Scroll            |     1 |     4 |       ||     5
       Potion            |       |     6 |       ||     6
 Stab: Sleeping          |     1 |     3 |       ||     4
  Eat: Chunk             |     1 |     3 |     4 ||     8
       Ration            |       |     3 |       ||     3
Armor: Robe              |    16 |    55 |     7 ||    78
       Skin              |       |    11 |       ||    11
Dodge: Dodged            |    43 |   106 |    17 ||   166
